cohdb
Replays
Latest Replays
All Replays
Popular Replays
Top Player Replays
Match Explorer
How It Works
Community
CoH3 Stats
Reddit
Sign in to upload your games and track your stats! →
Sign in with Steam
Match 43501750
Unlisted
Match 43501750
Overview
Messages
Build Orders
End
Vickers Machine Gun Team
Construct Section Command Post
Infantry Section
Dingo Light Scout Car
Infantry Section
Construct Platoon Command Post
Unlock Bishop Self-propelled Artillery
Selects Heavy Armor Battlegroup
Selects Rigorous Vehicle Training
Selects Forward Repair Assembly
Selects UNKNOWN (2162094)
6-pounder Anti-tank Gun Team
Selects Light Vehicle Withdraw and Refit
Vickers Machine Gun Team
Bishop Self-propelled Artillery
Selects UNKNOWN (202330)
CMP 15cwt Truck
Selects Recon Artillery
Jew
我的臭脚随莱闻
Dante
周杰伦
bigcheese
Oblivion
The Cook
袅炸天
0
0
Comments
sign in to comment!
No comments posted yet!